 Dungeon Crawl Stone Soup version 0.31.0-7-gf635a9b802 (webtiles) character file.

Game seed: 17344251250769353516

52302 Lungfish the Mimic (level 14, -1/105 HPs)
             Began as a Demonspawn Shapeshifter on Jan 23, 2024.
             Was a High Priest of Wu Jian.
             Slain by a manticore (7 damage)
             ... on level 5 of the Lair of Beasts on Jan 24, 2024.
             The game lasted 01:42:18 (23437 turns).

Lungfish the Mimic (Demonspawn Shapeshifter)       Turns: 23437, Time: 01:42:18

Health: -1/105     AC: 13    Str: 20    XL:     14   Next: 26%
Magic:  0/23       EV: 10    Int: 11    God:    Wu Jian [*****.]
Gold:   1105       SH:  0    Dex: 12    Spells: 13/13 levels left

rFire   . .          .
                       - Unarmed
rCold   + . .        (shield currently unavailable)
rNeg    . . .        F - +3 scale mail {rC+}
rPois   +            o - +2 hat
rElec   .            C - +0 cloak
rCorr   .            (gloves currently unavailable)
SInv    .            T - +1 pair of boots
Will    +....        p - amulet of guardian spirit Stlth
                     O - ring of poison resistance
HPRegen 0.37/turn    P - ring of magical power
MPRegen 0.18/turn

%: guardian spirit
@: blade hands
A: antennae 1, (claws 2), demonic guardian 1, icemail 1, condensation shield,
weakness stinger 2
a: Begin Untransformation, Renounce Religion, Wall Jump, Serpent's Lash,
Heavenly Storm


You were on level 5 of the Lair of Beasts.
You worshipped Wu Jian.
Wu Jian was extremely pleased with you.
You had blades for hands.
You visited 3 branches of the dungeon, and saw 18 of its levels.
You also visited: Sewer and Bailey.

You collected 1105 gold pieces.

Inventory:

Hand Weapons
 X - a +1 falchion of flaming
Missiles
 s - 25 boomerangs
 x - 43 poisoned darts (quivered)
 K - 8 curare-tipped darts
 N - 11 javelins
Armour
 o - a +2 hat (worn)
 B - a scarf of harm
 C - a +0 cloak (worn)
 F - a +3 scale mail of cold resistance (worn)
 I - a +0 troll leather armour
 T - a +1 pair of boots (worn)
Jewellery
 e - a ring of wizardry
 n - a ring of ice
 p - an amulet of guardian spirit (around neck)
 D - an amulet of the acrobat
 O - a ring of poison resistance (left blade hand)
 P - a ring of magical power (right blade hand)
Talismans
 c - a beast talisman
 d - a flux talisman
 j - a blade talisman (active)
Wands
 v - a wand of flame (9)
 y - a wand of roots (13)
 G - a wand of digging (9)
 M - a wand of paralysis (8)
 S - a wand of polymorph (5)
Scrolls
 a - 3 scrolls of fog
 g - 6 scrolls of teleportation
 h - 3 scrolls of revelation
 q - 5 scrolls of noise
 t - 6 scrolls of amnesia
 u - 2 scrolls of blinking
 z - 6 scrolls of enchant weapon
 J - a scroll of immolation
 Q - a scroll of summoning
 U - a scroll of poison
 V - a scroll of fear {unknown}
 W - 2 scrolls of enchant armour
Potions
 b - a potion of lignification
 f - a potion of haste
 i - 2 potions of magic
 k - 4 potions of cancellation
 l - 4 potions of curing
 m - 5 potions of attraction
 r - a potion of berserk rage {unknown}
 w - 6 potions of enlightenment
 A - 3 potions of mutation
 E - a potion of experience {unknown}
 H - 2 potions of brilliance
 L - a potion of heal wounds
 R - a potion of resistance


   Skills:
 - Level 8.0 Fighting
 - Level 5.0 Armour
 - Level 1.7 Dodging
 + Level 14.6 Unarmed Combat
 + Level 14.9 Shapeshifting


You had 13 spell levels left.
You didn't know any spells.
Your spell library contained the following spells:

 Spells                   Type           Power      Damage    Failure   Level
 Apportation              Tloc           0%         N/A       67%         1
 Freeze                   Ice            0%         1d3       67%         1
 Kiss of Death            Conj/Necr      0%         2d5       67%         1
 Necrotise                Necr           0%         1d4       67%         1
 Sandblast                Erth           0%         2d4       67%         1
 Sting                    Conj/Alch      0%         1d3       67%         1
 Summon Small Mammal      Summ           0%         N/A       67%         1
 Call Imp                 Summ           0%         N/A       82%         2
 Lesser Beckoning         Tloc           0%         N/A       82%         2
 Sublimation of Blood     Necr           0%         N/A       82%         2
 Call Canine Familiar     Summ           0%         N/A       96%         3
 Confusing Touch          Hex            0%         N/A       96%         3
 Dazzling Flash           Conj/Hex       0%         N/A       96%         3
 Frozen Ramparts          Ice            0%         1d1       96%         3
 Gell's Gravitas          Tloc           0%         N/A       96%         3
 Hailstorm                Conj/Ice       0%         3d5       96%         3
 Mephitic Cloud           Conj/Alch/Air  0%         N/A       96%         3
 Passwall                 Erth           0%         N/A       96%         3
 Stone Arrow              Conj/Erth      0%         3d7       96%         3
 Summon Ice Beast         Ice/Summ       0%         N/A       96%         3
 Teleport Other           Tloc           0%         N/A       96%         3
 Brom's Barrelling Bould  Conj/Erth      0%         2d3       100%        4
 Dispel Undead            Necr           0%         3d6       100%        4
 Leda's Liquefaction      Alch/Erth      0%         N/A       100%        4
 Summon Blazeheart Golem  Fire/Summ      0%         N/A       100%        4
 Curse of Agony           Necr           0%         N/A       100%        5
 Lee's Rapid Deconstruct  Erth           0%         3d4*      100%        5
 Silence                  Hex/Air        0%         N/A       100%        5
 Bombard                  Conj/Erth      0%         9d1       100%        6
 Sculpt Simulacrum        Ice/Alch       0%         N/A       100%        6
 Summon Hydra             Summ           0%         N/A       100%        7


Dungeon Overview and Level Annotations

Branches:
Dungeon (12/15)            Temple (1/1) D:5            Lair (5/5) D:10
 Shoals (0/4) Lair:3        Snake (0/4) Lair:3        Slime (0/5) Lair:4
    Orc (0/2) D:12          Sewer (visited)          Bailey (visited)

Altars:
Ashenzari
Cheibriados
Dithmenos
Fedhas
Gozag
Hepliaklqana
Kikubaaqudgha
Makhleb
Nemelex Xobeh
Okawaru
Qazlal
Ru
Sif Muna
Trog
Uskayaw
Vehumet
Wu Jian
Xom
Yredelemnul
Jiyva

Annotations:
D:2 Sigmund


Innate Abilities, Weirdness & Mutations

You have blades for hands.
You are incapable of wielding weapons or throwing items.
You have a pair of small antennae on your head.
((You have very sharp fingernails.))
A weak demonic guardian rushes to your aid.
A meltable icy envelope protects you from harm. (AC +0)
A meltable shield of frost defends you. (SH +0)
You have a tail ending in a sharp stinger.


Message History

You slice the hell hound!!
You kill the hell hound!
The Council accepts your kill. The polar bear bites you!
* * * LOW HITPOINT WARNING * * *
The polar bear closely misses you.
The polar bear claws you but does no damage.
A polar bear comes into view.
You barely miss the polar bear.
The polar bear growls angrily.
You slash the polar bear!
The polar bear is moderately wounded.
You hear an angry growl.
You hear a bark!
The polar bear bites you.
* * * LOW HITPOINT WARNING * * *
The polar bear claws you but does no damage. x2
As you read the scroll of teleportation, it crumbles to dust.
You feel strangely unstable. The polar bear bites you.
* * * LOW HITPOINT WARNING * * *
The polar bear claws you but does no damage. x2
Found 25 gold pieces.
Your surroundings suddenly seem different.
You start resting.
A manticore comes into view.
You slash the manticore!
The manticore is moderately wounded.
You barely miss the manticore.
The manticore is moderately wounded.
The manticore bites you!
* * * LOW HITPOINT WARNING * * *
A demonic guardian appears!
The manticore claws you.
* * * LOW HITPOINT WARNING * * *
The manticore claws you.
* * * LOW HITPOINT WARNING * * *
You slash the manticore!
Your tail-slap misses the manticore.
The manticore is heavily wounded.
The manticore closely misses you. The manticore claws you.
* * * LOW HITPOINT WARNING * * *
The manticore claws you!
You die...

#######.... .P####
#....##....
....###.......#.. #
#.....##......#...
..
#.....##....D...##
...#.#...
#....F#..#
.....########...##
###H4.#...#...#.P#
#P@...#...##.....#
#.........#......#
#.....#รท###.....##
##.............##
##..P......#.##
#####.P.##### #####
##### #...# #...#


You could see a manticore (ally target) and a friendly orange demon (summoned).

Vanquished Creatures
  Snorg (Lair:4)
  4 hydras (Lair:4)
  2 catoblepae
  3 boulder beetles
  4 death yaks (Lair:3)
  3 two-headed ogres
  Urug (Lair:4)
  Nergalle (Lair:3)
  Sonja (Lair:3)
  Pikel (D:8)
  3 manticores
  7 elephants
  3 black mambas
  2 cyclopes (D:12)
  A torpor snail (Lair:4)
  Joseph (D:8)
  7 cane toads
  5 rime drakes
  10 komodo dragons
  3 trolls
  A raiju (Lair:5)
  Grinder (D:3)
  6 polar bears
  Prince Ribbit (D:5)
  15 blink frogs
  4 dream sheep (Lair:3)
  A shadow (D:10)
  61 yaks
  6 wyverns
  2 wargs (Lair:5)
  2 steam dragons
  2 wraiths
  A basilisk (Lair:5)
  4 vampire mosquitoes (D:11)
  3 nagas (Lair:3)
  An acid dragon (D:11)
  5 hell hounds (Lair:5)
  19 water moccasins
  Duvessa (D:5)
  15 black bears
  An ice beast (D:5)
  13 orc warriors
  An ogre (D:4)
  13 wolves
  4 centaurs (D:11)
  3 lemures (D:8)
  4 kobold brigands
  11 bullfrogs
  5 scorpions
  A brain worm (Sewer)
  Dowan (D:5)
  14 wights (D:9)
  4 killer bees
  5 spriggan skeletons (D:10)
  A troll skeleton (D:10)
  2 electric eels (Lair:2)
  4 howler monkeys
  Crazy Yiuf (D:5)
  A gnoll bouda (D:7)
  5 hounds
  3 jellies
  5 orc priests
  A sleepcap (D:4)
  Jessica (D:2)
  7 iguanas
  7 orc wizards
  7 gnolls
  10 adders
  6 river rats
  A shadow imp (D:8)
  2 white imps
  6 ufetubi
  3 dart slugs
  5 ribbon worms
  38 orcs
  7 endoplasms
  3 giant cockroaches
  6 hobgoblins
  5 jackals (Sewer)
  4 quokkas
  9 ball pythons
  8 bats
  5 frilled lizards
  15 goblins
  28 kobolds
  7 rats
507 creatures vanquished.

Vanquished Creatures (collateral kills)
  A cane toad (Lair:4)
1 creature vanquished.

Grand Total: 508 creatures vanquished

Notes
Turn   | Place    | Note
-------+----------+-------------------------------------------
     0 | D:1      | Lungfish the Demonspawn Shapeshifter began the quest for
                  | the Orb.
     0 | D:1      | Reached XP level 1. HP: 15/15 MP: 1/1
   109 | D:1      | Gained mutation: A meltable shield of frost defends you.
                  | (SH +0) [demonic ancestry]
   109 | D:1      | Reached XP level 2. HP: 13/21 MP: 2/2
   560 | D:1      | Reached XP level 3. HP: 26/26 MP: 3/3
  1444 | D:2      | Noticed Sigmund
  1706 | D:2      | Noticed Jessica
  1711 | D:2      | Killed Jessica
  1712 | D:2      | Gained mutation: A meltable icy envelope protects you from
                  | harm. (AC +0) [demonic ancestry]
  1712 | D:2      | Reached XP level 4. HP: 32/32 MP: 4/4
  2399 | D:3      | Noticed Grinder
  2405 | D:3      | Paralysed by Grinder for 4 turns
  2418 | D:3      | Paralysed by Grinder for 3 turns
  2430 | D:3      | Paralysed by Grinder for 2 turns
  2438 | D:3      | Killed Grinder
  2439 | D:3      | Reached skill level 5 in Unarmed Combat
  2439 | D:3      | Reached XP level 5. HP: 13/37 MP: 5/5
  2439 | D:3      | Reached XP level 6. HP: 15/43 MP: 6/6
  3135 | D:4      | Reached skill level 5 in Shapeshifting
  3323 | D:4      | Discovered your monstrous ancestry.
  3323 | D:4      | Gained mutation: You have a small tail. [demonic ancestry]
  3323 | D:4      | Reached XP level 7. HP: 38/48 MP: 7/7
  3668 | D:4      | Identified the +6 quarterstaff "Odices" {speed, Fly rF-
                  | Dex+2}
  3982 | D:4      | Found an ornate altar of the Wu Jian Council.
  3988 | D:4      | Found a broken altar of Ashenzari.
  3990 | D:4      | Found a sparkling altar of Nemelex Xobeh.
  3990 | D:4      | Found a radiant altar of Vehumet.
  3996 | D:4      | Found a blossoming altar of Fedhas.
  4050 | D:4      | Became a worshipper of the Wu Jian Council
  4161 | D:5      | Entered Level 5 of the Dungeon
  4219 | D:5      | Found a staircase to the Ecumenical Temple.
  4243 | Temple   | Entered the Ecumenical Temple
  4322 | D:5      | Noticed Dowan
  4323 | D:5      | Noticed Duvessa
  4342 | D:5      | Killed Duvessa
  4354 | D:5      | Killed Dowan
  4511 | D:5      | Reached XP level 8. HP: 42/54 MP: 8/8
  4527 | D:5      | Noticed Prince Ribbit
  4541 | D:5      | Killed Prince Ribbit
  4589 | D:5      | Found a glowing drain.
  4624 | Sewer    | Entered a sewer
  4808 | Sewer    | Reached * piety under Wu Jian
  5731 | D:5      | Found a runed translucent door.
  5732 | D:5      | Noticed Crazy Yiuf
  5738 | D:5      | Killed Crazy Yiuf
  6374 | D:6      | Gained mutation: You have sharp fingernails. [demonic
                  | ancestry]
  6374 | D:6      | Reached XP level 9. HP: 55/59 MP: 9/9
  6851 | D:6      | Noticed a komodo dragon
  7253 | D:6      | Found a burning altar of Makhleb.
  7273 | D:6      | Found a hide-covered altar of Uskayaw.
  7279 | D:6      | Reached ** piety under Wu Jian
  7630 | D:6      | Killed a komodo dragon
  8025 | D:7      | Noticed a two-headed ogre
  8835 | D:7      | Reached skill level 10 in Shapeshifting
  9007 | D:8      | Found a flagged portal.
  9035 | D:8      | Noticed Pikel
  9049 | D:8      | Killed Pikel
  9097 | D:8      | Gained mutation: You have a pair of small antennae on your
                  | head. [demonic ancestry]
  9097 | D:8      | Reached XP level 10. HP: 54/65 MP: 10/10
  9273 | Bailey   | Entered a bailey
  9535 | Bailey   | Reached *** piety under Wu Jian
 10272 | D:8      | Noticed Joseph
 10282 | D:8      | Killed Joseph
 11390 | D:9      | Found a shimmering altar of Xom.
 11391 | D:9      | Found a shimmering altar of Xom.
 11392 | D:9      | Found a shimmering altar of Xom.
 11392 | D:9      | Found a shimmering altar of Xom.
 11394 | D:9      | Found a shimmering altar of Xom.
 11534 | D:9      | Gained mutation: You have a tail ending in a sharp stinger.
                  | [demonic ancestry]
 11534 | D:9      | Reached XP level 11. HP: 46/72 MP: 11/11
 11535 | D:9      | Reached **** piety under Wu Jian
 11658 | D:9      | Found a stormy altar of Qazlal.
 12183 | D:9      | Upgraded the game from 0.31.0-4-g52a2dc7128 to
                  | 0.31.0-7-gf635a9b802
 12228 | D:10     | Entered Level 10 of the Dungeon
 12270 | D:10     | Reached skill level 5 in Fighting
 12831 | D:10     | Reached skill level 1 in Armour
 12839 | D:10     | Found an ancient bone altar of Kikubaaqudgha.
 13173 | D:10     | Found a staircase to the Lair.
 13322 | D:10     | Noticed a two-headed ogre
 13335 | D:10     | HP: 4/83 [two-headed ogre/+0 giant club (8)]
 13336 | D:10     | Killed a two-headed ogre
 13904 | D:11     | Noticed a boulder beetle
 13926 | D:11     | Killed a boulder beetle
 14595 | D:11     | Reached skill level 10 in Unarmed Combat
 14606 | D:11     | Gained mutation: A weak demonic guardian rushes to your
                  | aid. [demonic ancestry]
 14606 | D:11     | Reached XP level 12. HP: 87/91 MP: 12/12
 14891 | D:12     | Reached ***** piety under Wu Jian
 15082 | D:12     | Noticed a two-headed ogre
 15089 | D:12     | Killed a two-headed ogre
 15249 | D:12     | Noticed a two-headed ogre
 15255 | D:12     | Killed a two-headed ogre
 15266 | D:12     | Reached skill level 5 in Armour
 15401 | D:12     | Found a staircase to the Orcish Mines.
 15541 | D:12     | Found a broken altar of Ashenzari.
 16003 | Lair:1   | Entered Level 1 of the Lair of Beasts
 17095 | Lair:2   | Noticed a boulder beetle
 17112 | Lair:2   | Killed a boulder beetle
 18107 | Lair:3   | Found a staircase to the Snake Pit.
 18342 | Lair:3   | Noticed Nergalle
 18352 | Lair:3   | Killed Nergalle
 18386 | Lair:3   | Noticed Sonja
 18390 | Lair:3   | Killed Sonja
 18390 | Lair:3   | Reached XP level 13. HP: 98/98 MP: 13/13
 18701 | Lair:3   | Found a staircase to the Shoals.
 19857 | Lair:4   | Noticed Snorg
 19866 | Lair:4   | Killed Snorg
 19894 | Lair:4   | Found a staircase to the Slime Pits.
 20054 | Lair:4   | Found a viscous altar of Jiyva.
 20295 | Lair:4   | Noticed Urug
 20305 | Lair:4   | Killed Urug
 20849 | Lair:5   | Entered Level 5 of the Lair of Beasts
 22381 | Lair:4   | Gained mutation: You have very sharp fingernails. [demonic
                  | ancestry]
 22381 | Lair:4   | Reached XP level 14. HP: 57/105 MP: 14/14
 23294 | Lair:5   | Identified the amulet of Dituate {RegenMP Str-5 Int+3
                  | Dex+4}
 23437 | Lair:5   | Slain by a manticore

Illustrated notes

Levels and vault maps discovered:
D:1:      dpeg_arrival_concentric_ovals, layout_basic,
          ebering_dispersal_statue_hall, minmay_heptomino_l4
D:2:      layout_basic, corexii_corridor_pit, chequers_garden, uniq_jessica,
          uniq_sigmund
D:3:      layout_rooms, nicolae_hexahallways, uniq_grinder
D:4:      layout_loops_ring, nicolae_overflow_hallway_of_the_gods
D:5:      layout_loops_ring, minmay_temple_entry_grid, portal_sewer_entry_b,
          st_stairs_13, uniq_crazy_yiuf_cottage, uniq_prince_ribbit1,
          uniq_duvessa
D:6:      layout_loops_corners, jmf_multi_god_temple2
D:7:      layout_basic, minmay_misc_feat_square, minmay_misc_feat_roman
D:8:      layout_rooms, mainiacjoe_overflow_paths, enter_bailey_5, uniq_pikel,
          uniq_joseph
D:9:      layout_roguey, nicolae_qazlal_general_emergency, xom_shifter_show
D:10:     layout_loops_corners, lemuel_doored_altar, minmay_lair_entry_grove,
          serial_glass, glass_columns_a, glass_columns_a, glass_columns_b,
          glass_columns_a, glass_columns_c, glass_columns_b,
          hangedman_tell_no_tales
D:11:     layout_loops_ring
D:12:     layout_basic, orc_0_dummy, serial_corexii_hall,
          corexii_hall_statues_x, chequers_hall_statues_y,
          chequers_hall_statues_corner_a, nicolae_ashenzari_skybound
Temple:   minmay_freezing_vapour_temple
Lair:1:   layout_hall_layers
Lair:2:   layout_big_grid, serial_bayou_shore_a, serial_bayou_shore_b
Lair:3:   layout_cave_pods, minmay_shoals_entry_beasts,
          nicolae_snake_entry_squirm, beast_lair_carwin_3, grunt_megastairs_3,
          uniq_nergalle, uniq_sonja
Lair:4:   layout_big_grid, slime_entry_1, uniq_urug, uniq_snorg
Lair:5:   hangedman_lair_in_review, layout_misc_corridors,
          hangedman_lair_caniforms_friends

Skill      XL: |  1  2  3  4  5  6  7  8  9 10 11 12 13 |
---------------+----------------------------------------+-----
Unarmed Combat | 3 4 5 7 9 10 12 14 | 14.6
Shapeshifting  | 3 4 5 7 9 10 12 13 14 | 14.9
Fighting       | 7 8 |  8.0
Armour         | 4 5 |  5.0
Dodging        | |  1.7

Action                     |  1- 3 |  4- 6 |  7- 9 | 10-12 | 13-15 || total
---------------------------+-------+-------+-------+-------+-------++-------
  Melee: Unarmed           |   119 |   126 |   417 |   703 |   400 ||  1765
         Punch             |     2 |     6 |     4 |    29 |    32 ||    73
         Tailslap          |       |       |    63 |   103 |    64 ||   230
         Falchion          |       |       |       |       |    21 ||    21
  Throw: Dart              |       |    14 |    12 |     7 |       ||    33
         Boomerang         |       |       |     2 |       |       ||     2
 Invoke: Serpent's Lash    |       |       |       |     3 |     5 ||     8
Ability: Begin Untransform |       |     2 |     2 |     2 |     4 ||    10
         Lunge             |       |       |    34 |    68 |    20 ||   122
         Whirlwind         |       |       |    34 |   138 |    64 ||   236
         Wall Jump         |       |       |     1 |    26 |    21 ||    48
  Evoke: Wand              |       |       |     6 |     4 |    13 ||    23
    Use: Scroll            |       |     3 |     7 |     9 |     2 ||    21
         Potion            |       |     1 |     2 |       |     3 ||     6
 Armour: Animal skin       |     9 |       |       |       |       ||     9
         Ring mail         |    38 |    81 |   135 |     8 |       ||   262
         Skin              |       |       |    63 |    73 |       ||   136
         Scale mail        |       |       |       |   224 |   414 ||   638
  Dodge: Dodged            |    51 |    39 |   199 |   256 |   197 ||   742
  Block: Other             |    11 |    13 |    40 |    79 |    45 ||   188
   Form: Blade             |       |     1 |     1 |     2 |     3 ||     7
         Beast             |       |     1 |     1 |       |     1 ||     3
                           |       |       |     1 |       |       ||     1
         Flux              |       |       |     1 |       |       ||     1
